 Dungeon Crawl Stone Soup version 0.31.0-32-g396128a36d (webtiles) character file.

Game seed: 14937994790957239584

62 H0rd4k the Insei (level 4, -1/28 HPs)
             Began as an Octopode Artificer on Mar 19, 2024.
             Slain by Robin
             ... wielding a +0 spear
              (3 damage)
             ... on level 3 of the Dungeon.
             The game lasted 00:01:23 (1825 turns).

H0rd4k the Insei (Octopode Artificer)               Turns: 1825, Time: 00:01:24

Health: -1/28      AC:  1    Str: 11    XL:     4   Next: 8%
Magic:  4/4        EV: 13    Int: 15    God:
Gold:   90         SH:  0    Dex: 12    Spells: 3/3 levels left

rFire   . .          .
                       - Unarmed
rCold   . . .        (no shield)
rNeg    . . .        (helmet restricted)
rPois   .            f - amulet of the acrobat
rElec   .            (no ring)
rCorr   .            (no ring)
SInv    .            (no ring)
Will    .....        (no ring)
Stlth   +++          (no ring)
HPRegen 0.24/turn    (no ring)
MPRegen 0.09/turn    (no ring)
                     (no ring)

%: acrobat
@: no status effects
A: almost no armour, amphibious, 8 rings, camouflage 1, gelatinous body 1,
(nimble swimmer 1), tentacles
a: no special abilities


You were on level 3 of the Dungeon.
You visited 1 branch of the dungeon, and saw 3 of its levels.

You collected 90 gold pieces.

Inventory:

Missiles
 o - 2 poisoned darts
Jewellery
 f - an amulet of the acrobat (around mantle)
 j - a ring of fire
 n - a +6 ring of intelligence
Wands
 b - a wand of flame (15) (quivered)
 c - a wand of charming (15)
 d - a wand of iceblast (4)
Scrolls
 e - 5 scrolls of identify {unknown}
 h - a scroll of teleportation {unknown}
 i - a scroll of brand weapon {unknown}
 l - a scroll of enchant weapon {unknown}
 m - a scroll of immolation {unknown}
Potions
 a - 3 potions of curing
 g - a potion of heal wounds {unknown}
 k - a potion of enlightenment {unknown}


   Skills:
 + Level 1.2 Fighting
 - Level 2.3 Dodging
 - Level 1.3 Stealth
 + Level 3.4 Unarmed Combat
 - Level 3.2 Evocations


You had 3 spell levels left.
You didn't know any spells.
Your spell library contained the following spells:

 Spells                   Type           Power      Damage    Failure   Level
 Inner Flame              Hex/Fire       0%         N/A       63%         3
 Flame Wave               Conj/Fire      0%         2d4       95%         4
 Sticky Flame             Fire/Alch      0%         2d4       95%         4
 Irradiate                Conj/Alch      0%         3d11      100%        5
 Ignition                 Fire           0%         3d3       100%        8


Dungeon Overview and Level Annotations

Branches:
Dungeon (3/15)

Altars:
Ashenzari

Annotations:
D:3 Robin


Innate Abilities, Weirdness & Mutations

You cannot wear most types of armour.
You are amphibious.
You can wear up to eight rings at the same time.
Your skin changes colour to match your surroundings (Stealth+).
Your rubbery body absorbs attacks. (AC +1, EV +1)
((You are camouflaged when in or above water. (Stealth+)))
You have tentacles for arms and can constrict up to eight enemies at once.


Message History

You constrict the goblin.
You kill the goblin!
The goblin closely misses you.
You have reached level 4!
You closely miss the goblin. You grab the goblin. You squeeze the goblin.
You kill the goblin!
The goblin attacks as it pursues you! The goblin completely misses you.
You see here a +0 club.
You tentacle-slap the goblin. Your grab misses the goblin.
The goblin is heavily wounded.
The goblin hits you with a +0 dagger of venom.
You are poisoned.
You tentacle-slap the goblin. Your grab misses the goblin.
The goblin is severely wounded.
You feel very sick. The goblin hits you but does no damage.
You are lethally poisoned!
You tentacle-slap the goblin.
You kill the goblin!
You feel very sick.
You feel better. The goblin hits you with a +0 dagger.
You barely miss the goblin. Your grab misses the goblin.
A goblin comes into view. It is wielding a +0 club.
Robin hits you from afar with a +0 spear.
* * * LOW HITPOINT WARNING * * *
The goblin hits you with a +0 dagger.
* * * LOW HITPOINT WARNING * * *
You tentacle-slap the goblin.
You kill the goblin!
Robin closely misses you.
Aiming: Iceblast
Press: ? - help, Shift-Dir - straight line, f - Robin
Aim: Robin, wielding a +0 spear, wearing a +0 animal skin and wearing a +0 helmet The mass of ice explodes!
The iceblast engulfs Robin!
Robin is almost dead.
The iceblast engulfs the hobgoblin!!
You kill the hobgoblin!
Robin hits you from afar with a +0 spear.
You die...
Robin says, "And that's why I'm the boss."

#.....# #.....#
#.....#
#####.....########
#.........'†......
#.###.....########
#.# ####### #.#
#@# #)# #g# #.#
#.# #.# #g# #.#
..#


You could see Robin and a goblin (strong).

Vanquished Creatures
  An adder (D:3)
  A dart slug (D:1)
  An orc (D:3)
  5 bats
  3 endoplasms
  2 giant cockroaches
  5 goblins (D:3)
  7 hobgoblins
  3 jackals (D:2)
  2 quokkas
  6 ball pythons
  7 kobolds
  3 rats
46 creatures vanquished.

Notes
Turn   | Place    | Note
-------+----------+-------------------------------------------
     0 | D:1      | H0rd4k the Octopode Artificer began the quest for the Orb.
     0 | D:1      | Reached XP level 1. HP: 13/13 MP: 1/1
    93 | D:1      | Reached skill level 1 in Unarmed Combat
   189 | D:1      | Reached XP level 2. HP: 13/18 MP: 2/2
   693 | D:1      | Reached XP level 3. HP: 23/23 MP: 3/3
   751 | D:1      | Found a faded altar of an unknown god.
  1015 | D:2      | Found a broken altar of Ashenzari.
  1808 | D:3      | Noticed Robin
  1817 | D:3      | Reached XP level 4. HP: 20/28 MP: 4/4
  1825 | D:3      | Slain by Robin

Illustrated notes

Levels and vault maps discovered:
D:1:      roderic_crossed_star, layout_basic,
          shapermc_ecumenical_altar_mp_vishouse
D:2:      layout_loops_ring, basic_altar, hangedman_decor_riveting,
          minmay_misc_feat_tiny
D:3:      layout_basic, uniq_robin

Skill      XL: |  1  2  3 |
---------------+----------+-----
Unarmed Combat | 1 2 3 |  3.4
Fighting       | |  1.2
Dodging        | |  2.3
Stealth        | |  1.3
Evocations     | |  3.2

Action                     |  1- 3 |  4- 6 || total
---------------------------+-------+-------++-------
  Melee: Unarmed           |   106 |     6 ||   112
         Constrict         |    25 |     1 ||    26
         Tentacles         |    18 |     1 ||    19
         Punch             |     3 |       ||     3
  Evoke: Wand              |       |     1 ||     1
    Use: Potion            |     1 |     1 ||     2
   Stab: Sleeping          |    14 |       ||    14
         Distracted        |     1 |       ||     1
 Armour: Skin              |    37 |     6 ||    43
  Dodge: Dodged            |    82 |     2 ||    84
